 Dungeon Crawl Stone Soup version 0.22.1-2-g9c5b331383 (webtiles) character file.

291093 Jerry the Spry (level 20, -10/166 HPs)
             Began as a Merfolk Fighter on Nov 25, 2018.
             Was an Initiate of Gozag.
             Mangled by a juggernaut (illusionary) (37 damage)
             ... on level 2 of the Depths.
             The game lasted 02:48:53 (44090 turns).

Jerry the Spry (Merfolk Fighter)                   Turns: 44090, Time: 02:48:54

Health: -10/166    AC: 31    Str: 23    XL:     20   Next: 76%
Magic:  20/20      EV: 25    Int: 10    God:    Gozag
Gold:   3421       SH: 12    Dex: 20    Spells: 19/19 levels left

rFire    + + +     SeeInvis +   V - +9 double sword (slice)
rCold    + + +     Gourm    .   F - +2 buckler {rN+}
rNeg     + . .     Faith    .   X - +6 plate armour of the Clam {rF++ Stlth+}
rPois    +         Spirit   .   D - +0 helmet "Anot Jyxi" {rF+ MR+ Slay+3}
rElec    .         Reflect  +   x - scarf {repulsion}
rCorr    .         Harm     .   C - +2 pair of gloves {Dex+3}
MR       ++...                  s - +0 pair of boots {Stlth+}
Stlth    ++++......             e - amulet of Olits {Reflect rPois rC+++ Int+2 Dex-3 SH+3}
HPRegen  0.37/turn              w - +3 ring of slaying
MPRegen  0.17/turn              q - ring of see invisible

@: agile, about to teleport, repel missiles
A: change form in water, swift swim, stealthy swim
}: 2/15 runes: barnacled, gossamer
a: Potion Petition, Call Merchant, Bribe Branch, Renounce Religion


You were on level 2 of the Depths.
You worshipped Gozag.
Gozag was most pleased with you.
You were not hungry.

You visited 7 branches of the dungeon, and saw 34 of its levels.
You visited 1 bazaar.
You also visited: Sewer, Ice Cave and Volcano.

You collected 15313 gold pieces.
You spent 5606 gold pieces at shops.
You paid 6286 gold pieces to Gozag.

Inventory:

Hand Weapons
 O - a +4 scimitar of flaming
 V - a +9 double sword of slicing (weapon)
Armour
 s - a +0 pair of boots of stealth (worn)
 x - a scarf of repulsion (worn)
 C - a +2 pair of gloves of dexterity (worn)
 D - the +0 helmet "Anot Jyxi" (worn) {rF+ MR+ Slay+3}
   (You bought it in a shop on level 11 of the Dungeon)

   It affects your accuracy and damage with ranged weapons and melee attacks
   (+3).
   It protects you from fire.
   It affects your resistance to hostile enchantments.
 F - a +2 buckler of positive energy (worn)
 S - a +2 cloak of magic resistance
 X - the +6 plate armour of the Clam (worn) {rF++ Stlth+}
   (You bought it in a shop on level 11 of the Dungeon)

   It greatly protects you from fire.
   It makes you more stealthy.
Jewellery
 e - the amulet of Olits (around neck) {Reflect rPois rC+++ Int+2 Dex-3 SH+3}
   (You bought it in a shop in a bazaar)

   [amulet of reflection]

   It shields you and reflects attacks.
   It affects your intelligence (+2).
   It affects your dexterity (-3).
   It renders you almost immune to cold.
   It protects you from poison.
   It affects your SH (+3).
 q - a ring of see invisible (right hand)
 v - the amulet of Yzes {rPois Regen+ Int+3 Stlth-}
   (You found it on level 6 of the Lair of Beasts)

   [amulet of regeneration]

   It affects your intelligence (+3).
   It protects you from poison.
   It increases your rate of regeneration.
   It makes you less stealthy.
 w - a +3 ring of slaying (left hand)
 A - an uncursed ring of protection from cold
 J - an uncursed ring of resist corrosion
Wands
 o - a wand of digging (28)
 y - a wand of enslavement (10)
 z - a wand of clouds (12)
 N - a wand of iceblast (48)
 T - a wand of acid (27)
Scrolls
 a - 4 scrolls of enchant armour
 b - 4 scrolls of fog
 c - 13 scrolls of fear
 i - a scroll of summoning {unknown}
 k - 14 scrolls of teleportation
 l - 6 scrolls of amnesia
 r - 7 scrolls of blinking
 t - 14 scrolls of immolation
 K - 4 scrolls of brand weapon
 L - a scroll of silence
 M - 14 scrolls of remove curse
 Q - a scroll of magic mapping
 R - 8 scrolls of identify
 Z - 2 scrolls of acquirement
Potions
 d - 6 potions of invisibility
 g - 9 potions of mutation
 h - 4 potions of might
 m - 3 potions of resistance
 p - 4 potions of curing
 u - 10 potions of haste
 B - 7 potions of agility
 E - a potion of cancellation {unknown}
 H - 6 potions of ambrosia
 P - 6 potions of heal wounds
 Y - 5 potions of flight
Miscellaneous
 j - a lamp of fire
Comestibles
 f - 32 rations


   Skills:
 + Level 16.7 Fighting
 - Level 16.7 Long Blades
 * Level 17.0 Armour
 + Level 19.1 Dodging
 - Level 11.2 Stealth
 + Level 8.3 Shields


You had 19 spell levels left.
You didn't know any spells.
Your spell library contained the following spells:

 Spells                   Type           Power        Failure   Level  Hunger
 Animate Skeleton         Necr           N/A          95%         1    ##.....
 Apportation              Tloc           #.....       95%         1    ##.....
 Confusing Touch          Hex            #.....       95%         1    ##.....
 Flame Tongue             Conj/Fire      #....        95%         1    ##.....
 Freeze                   Ice            #...         95%         1    ##.....
 Pain                     Necr           #...         95%         1    ##.....
 Summon Small Mammal      Summ           #...         95%         1    ##.....
 Corpse Rot               Necr           N/A          99%         2    ###....
 Throw Flame              Conj/Fire      #.....       99%         2    ###....
 Throw Frost              Conj/Ice       #.....       99%         2    ###....
 Confuse                  Hex            #.......     100%        3    ####...
 Conjure Flame            Conj/Fire      #.......     100%        3    ####...
 Gell's Gravitas          Tloc           #.........   100%        3    ####...
 Inner Flame              Hex/Fire       #.......     100%        3    ####...
 Ozocubu's Armour         Chrm/Ice       #.......     100%        3    ####...
 Regeneration             Chrm/Necr      #.........   100%        3    ####...
 Stone Arrow              Conj/Erth      #.....       100%        3    ####...
 Vampiric Draining        Necr           #.........   100%        3    ####...
 Airstrike                Air            #.........   100%        4    #####..
 Animate Dead             Necr           N/A          100%        4    #####..
 Fulminant Prism          Conj/Hex       #.........   100%        4    #####..
 Leda's Liquefaction      Hex/Erth       #.........   100%        4    #####..
 Passage of Golubria      Tloc           N/A          100%        4    #####..
 Petrify                  Tmut/Erth      #.......     100%        4    #####..
 Sticky Flame             Conj/Fire      #.......     100%        4    #####..
 Summon Ice Beast         Ice/Summ       #.......     100%        4    #####..
 Throw Icicle             Conj/Ice       #.......     100%        4    #####..
 Borgnjor's Vile Clutch   Necr/Erth      #.........   100%        5    ######.
 Excruciating Wounds      Chrm/Necr      #.........   100%        5    ######.
 Fireball                 Conj/Fire      #.........   100%        5    ######.
 Metabolic Englaciation   Hex/Ice        #.........   100%        5    ######.
 Silence                  Hex/Air        #.........   100%        5    ######.
 Summon Forest            Summ/Tloc      #.........   100%        5    ######.
 Yara's Violent Unravell  Hex/Tmut       #.........   100%        5    ######.
 Conjure Ball Lightning   Conj/Air       #.........   100%        6    #######
 Hydra Form               Tmut           #.........   100%        6    #######
 Simulacrum               Ice/Necr       #.........   100%        6    #######
 Summon Hydra             Summ           #.........   100%        7    #######


Dungeon Overview and Level Annotations

Branches:
Dungeon (15/15)            Temple (1/1) D:6            Lair (6/6) D:9
 Shoals (4/4) Lair:2       Spider (4/4) Lair:2        Slime (0/5) Lair:6
    Orc (2/2) D:11            Elf (0/3) Orc:2        Vaults (0/5) D:13
 Depths (2/5) D:15

Altars:
Ashenzari
Cheibriados
Fedhas
Gozag
Kikubaaqudgha
Makhleb
Nemelex Xobeh
Okawaru
Qazlal
Ru
Sif Muna
Trog
Uskayaw
Vehumet
Wu Jian
Xom
Yredelemnul
Zin
The Shining One
Beogh

Shops:
D:6 [   D:9 [*[=   D:11 [[[   D:12 %[*   Orc:2 ([*:   Lair:2 [??   Shoals:1 !:*
Depths:1 }}=

Portals:
Hell: Depths:1 Depths:2
Abyss: Depths:1
Ziggurat: Depths:2

Annotations:
D:12 1 runed door
Depths:2 3 runed doors


Message History

You block the juggernaut's attack. x2
The juggernaut hits you!! You block the juggernaut's attack.
The juggernaut hits you!!!
* * * LOW HITPOINT WARNING * * *
You block the juggernaut's attack.
Okay, then.
You feel agile all of a sudden.
The rakshasa weaves an illusion.
The juggernaut shimmers and seems to become two!
As you read the scroll of teleportation, it crumbles to dust.
You feel strangely unstable. You block the juggernaut's attack. x2
The shining eye changes into a glowing orange brain!
The juggernaut misses you.
You riposte.
You hit the juggernaut but do no damage.
The juggernaut is lightly wounded.
The juggernaut hits you.
* * * LOW HITPOINT WARNING * * *
The juggernaut hits you!!!
You die...
Your body crumbles into a pile of gold.

..# #≈.......#≈....≈§#
..###≈.......#§§...§§#
....###+++####§....§§#
.#.,#b..,NiL≈#≈....≈§#
##,*#≈§....§§#≈.(.≈§§#
#..#§§......§#≈$.$≈§§#
..##≈......≈≈#§..(≈≈≈#
..##≈..$?$.≈≈#≈..(§§§#
#.#§≈.C))CC§≈#≈.@.§≈§#
###≈≈,,,,$L≈G#≈.C§§§§#
#***≈,,$,§i§N#§CCC§≈§#
..,*≈,,,,..≈≈#≈...≈§§#
###*≈≈,,,.§.≈#≈RC.≈≈≈#
#****≈,,,C.,≈#§...§§≈#
.,* *≈,,,,,,≈#§...§≈≈#
,** ***+++***#≈..).§§#
** *≈,,,,,,,#§..§.≈≈#


You could see 5 juggernauts, a frost giant, a stone giant (wandering), a lich, a
rakshasa, a salamander, a glowing orange brain shaped shifter and a spriggan
berserker.

Vanquished Creatures
  A juggernaut (Depths:2)
  Arachne (Spider:4)
  Nikola (Depths:1)
  Rupert (Lair:5)
  A lich (Depths:1)
  The ghost of patcoet the Bludgeoner, an adept HOFi of Beogh (Shoals:4)
  3 krakens
  Gastronok (Lair:2)
  Ilsuiw (Shoals:2)
  A tengu reaver (Depths:2)
  Kirke (Lair:4)
  A fire giant (D:15)
  4 frost giants
  5 ghost moths
  A balrug (Depths:2)
  An orc warlord (Orc:2)
  9 emperor scorpions
  4 very ugly things
  Nessos (D:14)
  6 entropy weavers
  3 stone giants
  3 dire elephants (Lair:6)
  A spark wasp (Depths:2)
  6 merfolk javelineers
  9 merfolk impalers
  3 ettins
  2 fire dragons
  Fannar (Lair:1)
  A great orb of eyes (Depths:1)
  2 ice dragons
  8 vault guards (D:13)
  6 hydras
  Harold (D:11)
  An anaconda (Lair:6)
  3 rakshasas
  14 two-headed ogres
  4 centaur warriors
  A merfolk avatar (Shoals:4)
  4 merfolk aquamancers
  A death knight (D:12)
  2 alligator snapping turtles
  2 titan zombies (D:14)
  3 deep troll shamans
  3 death yaks (IceCv)
  3 tengu warriors
  3 orc high priests (Orc:2)
  3 deep troll earth magi (Depths:2)
  3 satyrs
  Nergalle (D:12)
  3 ogre magi
  Sonja (Lair:1)
  Urug (Lair:1)
  2 sun demons (Depths:2)
  5 hell knights (Depths:2)
  3 iron trolls (Depths:1)
  A salamander mystic (Depths:2)
  14 sea snakes
  2 wizards
  10 unseen horrors
  9 deep trolls
  4 orc knights
  27 harpies
  15 orb spiders
  26 wolf spiders
  22 fauns
  6 orc sorcerers
  A deep elf mage (D:12)
  4 salamanders (Depths:2)
  11 manticores
  17 cyclopes
  32 ugly things
  Joseph (Lair:1)
  10 elephants
  Maurice (D:13)
  13 merfolk sirens
  A moth of wrath (Spider:4)
  5 black mambas
  5 gargoyles
  2 centaur skeletons
  2 torpor snails
  2 ice statues
  4 spiny frogs
  9 water nymphs
  7 komodo dragons
  6 yaktaurs
  An ice devil (Lair:3)
  10 demonic crawlers
  3 tengu conjurers
  4 rime drakes
  2 efreet
  8 trolls
  27 jumping spiders
  29 merfolk
  7 wind drakes
  3 hornets
  11 slime creatures
  18 polar bears
  7 dream sheep (Shoals:3)
  10 snapping turtles
  23 blink frogs
  14 hippogriffs
  A meliai zombie (D:14)
  36 tarantellas
  A centaur simulacrum (D:12)
  A wraith (D:14)
  94 redbacks
  A spriggan (shapeshifter) (D:15)
  13 water elementals
  Grum (D:8)
  2 basilisks
  2 fire elementals
  48 yaks
  A wyvern (D:14)
  A steam dragon (D:10)
  4 hungry ghosts
  10 wargs
  Edmund (D:6)
  A soldier ant (D:11)
  7 water moccasins
  7 porcupines
  A necrophage (D:12)
  2 sky beasts
  2 eyes of draining (D:13)
  10 ice beasts
  A phantom (D:5)
  35 orc warriors
  25 wolves
  5 boggarts (Depths:2)
  15 centaurs
  23 ogres
  10 crocodiles
  4 big kobolds
  17 bullfrogs
  A wyvern zombie (D:12)
  2 cyclops zombies (D:14)
  3 scorpions
  15 wights
  4 killer bees (D:7)
  4 howler monkeys
  3 electric eels
  2 crimson imps
  3 bullfrog zombies
  3 lava snakes (D:11)
  A quasit (D:7)
  Crazy Yiuf (D:6)
  15 jellies
  7 hounds
  17 orc priests
  20 orc wizards
  2 bullfrog skeletons
  6 iguanas
  11 worker ants
  9 hell rats
  A hound skeleton (D:8)
  A worker ant zombie (D:8)
  3 gnolls (D:11)
  16 adders
  5 shadow imps
  An adder skeleton (D:5)
  2 worms (D:2)
  4 dart slugs
  8 leopard geckos
  69 orcs
  10 bats
  6 giant cockroaches
  6 goblins
  3 hobgoblins
  18 jackals
  26 kobolds
  6 quokkas
  A ball python (D:5)
  9 frilled lizards
  A giant cockroach zombie (D:6)
  3 quokka skeletons
  6 rats
  A bush (Shoals:2)
  A fungus (D:6)
  5 plants (Lair:6)
  4 tentacles
1330 creatures vanquished.

Vanquished Creatures (others)
  A sea snake (Shoals:4)
  A wizard (D:13)
  3 humans (Lair:5)
  A boggart (Depths:2)
  5 fungi (Orc:2)
  13 plants
  11 tentacles
35 creatures vanquished.

Grand Total: 1365 creatures vanquished

Notes
Turn   | Place    | Note
-------+----------+-------------------------------------------
     0 | D:1      | Jerry the Merfolk Fighter began the quest for the Orb.
     0 | D:1      | Reached XP level 1. HP: 18/18 MP: 1/1
   271 | D:1      | Reached XP level 2. HP: 24/24 MP: 2/2
   296 | D:1      | Reached skill level 1 in Dodging
  1045 | D:2      | Reached XP level 3. HP: 27/29 MP: 3/3
  1591 | D:2      | Reached skill level 2 in Dodging
  1613 | D:2      | Reached XP level 4. HP: 29/37 MP: 4/4
  2562 | D:3      | Found a shimmering altar of Xom.
  2563 | D:3      | Noticed a hippogriff
  2578 | D:3      | Killed a hippogriff
  2578 | D:3      | Reached skill level 3 in Dodging
  2578 | D:3      | Reached XP level 5. HP: 15/43 MP: 5/5
  2578 | D:3      | Reached XP level 6. HP: 17/49 MP: 6/6
  2795 | D:3      | Found an opulent altar of Gozag.
  2799 | D:3      | Became a worshipper of Gozag Ym Sagoz the Greedy
  2802 | D:3      | Found a sacrificial altar of Ru.
  2802 | D:3      | Found a glowing silver altar of Zin.
  2803 | D:3      | Found a basalt altar of Yredelemnul.
  2808 | D:3      | Found a deep blue altar of Sif Muna.
  3294 | D:3      | Reached skill level 4 in Dodging
  3440 | D:3      | Found a sparkling altar of Nemelex Xobeh.
  3445 | D:3      | Reached skill level 5 in Fighting
  3834 | D:3      | Found a faded altar of an unknown god.
  3918 | D:4      | Reached XP level 7. HP: 51/56 MP: 7/7
  3990 | D:4      | Found an ancient bone altar of Kikubaaqudgha.
  4414 | D:4      | Found a glowing drain.
  4418 | Sewer    | Entered a sewer
  4492 | Sewer    | Reached skill level 5 in Dodging
  4959 | D:5      | Entered Level 5 of the Dungeon
  5167 | D:5      | Reached skill level 5 in Long Blades
  5434 | D:5      | Reached XP level 8. HP: 63/64 MP: 8/8
  5985 | D:6      | Reached skill level 6 in Dodging
  6172 | D:6      | Found a blossoming altar of Fedhas.
  6294 | D:6      | Found Dotipsya's Antique Armour Shoppe.
  6311 | D:6      | Bought a pair of runed gloves for 157 gold pieces
  6311 | D:6      | Bought a shiny buckler for 157 gold pieces
  6311 | D:6      | Bought a pair of runed boots for 157 gold pieces
  6311 | D:6      | Bought a glowing scale mail for 147 gold pieces
  6354 | D:6      | Found a staircase to the Ecumenical Temple.
  6363 | Temple   | Entered the Ecumenical Temple
  6793 | D:6      | Noticed Edmund
  6818 | D:6      | Killed Edmund
  7082 | D:6      | Found a runed door.
  7086 | D:6      | Noticed Crazy Yiuf
  7098 | D:6      | Killed Crazy Yiuf
  7443 | D:7      | Reached XP level 9. HP: 62/71 MP: 9/9
  7470 | D:7      | Reached skill level 7 in Dodging
  8027 | D:7      | Reached skill level 5 in Armour
  8558 | D:8      | Got an ancient dagger
  8559 | D:8      | Identified the +5 dagger of Misery {pierce, MR++ Dex+4}
                  | (You found it on level 8 of the Dungeon)
  8916 | D:8      | Reached skill level 8 in Dodging
  9373 | D:9      | Noticed a troll
  9381 | D:8      | Killed a troll
  9580 | D:9      | Reached XP level 10. HP: 80/80 MP: 10/10
  9639 | D:9      | Found Valafywn's Jewellery Shoppe.
  9667 | D:9      | Found Zuedieb's Armour Emporium.
  9676 | D:9      | Bought a +2 helmet of see invisible for 301 gold pieces
  9762 | D:9      | Noticed Grum
  9884 | D:8      | Killed Grum
 10075 | D:9      | Reached skill level 9 in Dodging
 10145 | D:9      | Found a hide-covered altar of Uskayaw.
 10145 | D:9      | Found a faded altar of an unknown god.
 10150 | D:9      | Found a bloodstained altar of Trog.
 10152 | D:9      | Found a faded altar of an unknown god.
 10153 | D:9      | Found a snail-covered altar of Cheibriados.
 10201 | D:9      | Found Kuich's General Store.
 10219 | D:9      | Bought a scroll of remove curse for 39 gold pieces
 10292 | D:9      | Found a staircase to the Lair.
 10504 | D:9      | Found Ceduvufe's Antique Armour Emporium.
 10530 | D:9      | Found an ornate altar of the Wu Jian Council.
 10711 | D:9      | Bought a runed scarf for 224 gold pieces
 10778 | D:9      | Bought a +3 ring of evasion for 252 gold pieces
 10831 | D:10     | Entered Level 10 of the Dungeon
 11738 | D:10     | Reached skill level 10 in Long Blades
 11932 | D:11     | Noticed Harold
 11986 | Lair:1   | Entered Level 1 of the Lair of Beasts
 12010 | Lair:1   | Found a dark tunnel.
 12015 | Volcano  | Entered a volcano
 12038 | Volcano  | Noticed a gargoyle
 12057 | Volcano  | Killed a gargoyle
 12057 | Volcano  | Reached XP level 11. HP: 45/89 MP: 11/11
 12221 | Volcano  | Reached skill level 10 in Dodging
 12442 | Lair:1   | Found a frozen archway.
 12448 | IceCv    | Entered an ice cave
 12547 | IceCv    | Noticed a death yak
 12573 | IceCv    | Killed a death yak
 12987 | IceCv    | Reached skill level 11 in Dodging
 13008 | IceCv    | Reached skill level 10 in Fighting
 13408 | IceCv    | Noticed a death yak
 13414 | IceCv    | Reached XP level 12. HP: 97/97 MP: 12/12
 13426 | IceCv    | Killed a death yak
 13630 | IceCv    | Got a faintly glowing leather armour
 13653 | IceCv    | Noticed a death yak
 13653 | IceCv    | Noticed a frost giant
 13666 | IceCv    | Killed a death yak
 13686 | IceCv    | Killed a frost giant
 13949 | Lair:1   | Noticed Sonja
 14295 | Lair:1   | Killed Sonja
 14295 | Lair:1   | Reached skill level 12 in Dodging
 14438 | Lair:1   | Noticed Urug
 14447 | Lair:1   | Killed Urug
 14491 | Lair:1   | Noticed Fannar
 14508 | Lair:1   | Killed Fannar
 14522 | Lair:1   | Noticed Joseph
 14528 | Lair:1   | Killed Joseph
 14956 | Lair:1   | Identified the cursed +0 leather armour "Iqenix" {rCorr}
                  | (You found it in an ice cave)
 15175 | Lair:2   | Noticed Gastronok
 15215 | Lair:2   | Killed Gastronok
 15215 | Lair:2   | Reached XP level 13. HP: 106/106 MP: 13/13
 15306 | Lair:2   | Found a hole to the Spider Nest.
 15496 | Lair:2   | Got an encrusted leather armour
 15510 | Lair:2   | Found a staircase to the Shoals.
 15960 | Lair:2   | Identified the cursed +1 leather armour "Ryzangox" {-Tele
                  | rF++ rC+} (You found it on level 2 of the Lair of Beasts)
 16000 | Lair:3   | Reached skill level 13 in Dodging
 17905 | Lair:5   | Noticed Rupert
 17905 | Lair:5   | Noticed Kirke
 17924 | Lair:4   | Killed Kirke
 17924 | Lair:4   | Reached skill level 15 in Long Blades
 18093 | Lair:5   | Killed Rupert
 18093 | Lair:5   | Reached XP level 14. HP: 41/115 MP: 14/14
 18872 | Lair:6   | Entered Level 6 of the Lair of Beasts
 18974 | Lair:6   | Reached skill level 14 in Dodging
 19507 | Lair:6   | Found a staircase to the Slime Pits.
 20350 | Lair:6   | Noticed a dire elephant
 20350 | Lair:6   | Noticed a dire elephant
 20366 | Lair:6   | Killed a dire elephant
 20369 | Lair:6   | Killed a dire elephant
 20382 | Lair:6   | Got a clouded sapphire amulet
 20387 | Lair:6   | Got an ichor-stained scale mail
 20393 | Lair:6   | Identified the +6 scale mail of the Turtledove {rPois
                  | Str+6} (You found it on level 6 of the Lair of Beasts)
 20410 | Lair:6   | Identified the amulet of Yzes {rPois Regen+ Int+3 Stlth-}
                  | (You found it on level 6 of the Lair of Beasts)
 20422 | Lair:6   | Noticed a dire elephant
 20432 | Lair:6   | Killed a dire elephant
 20513 | Lair:6   | Noticed a dire elephant
 20585 | Spider:1 | Entered Level 1 of the Spider Nest
 20611 | Spider:1 | Noticed an emperor scorpion
 20650 | Lair:2   | Killed an emperor scorpion
 20769 | Spider:1 | Noticed an entropy weaver
 20780 | Spider:1 | Killed an entropy weaver
 21235 | Spider:1 | Noticed an entropy weaver
 21244 | Spider:1 | Killed an entropy weaver
 21344 | Spider:1 | Reached XP level 15. HP: 106/123 MP: 15/15
 21721 | D:11     | Reached skill level 15 in Dodging
 21790 | D:11     | Killed Harold
 22047 | D:11     | Found a staircase to the Orcish Mines.
 22704 | D:11     | Bought an ancient plate armour for 1036 gold pieces
 22704 | D:11     | Identified the +6 plate armour of the Clam {rF++ Stlth+}
                  | (You bought it in a shop on level 11 of the Dungeon)
 22908 | D:12     | Found Fahufon's General Store.
 22994 | D:12     | Found Biequr Kaig's Antique Armour Boutique.
 23141 | D:12     | Reached skill level 10 in Armour
 23159 | D:12     | Found a runed door.
 23160 | D:12     | Noticed a tengu reaver
 23273 | D:12     | Found Nemad's Food Shoppe.
 23302 | D:12     | Noticed Nergalle
 23313 | D:12     | Killed Nergalle
 23641 | D:13     | Found a gate to the Vaults.
 23891 | D:13     | Noticed Maurice
 23898 | D:13     | Killed Maurice
 24140 | D:13     | Found a bloodstained altar of Trog.
 24687 | D:14     | Found a shattered altar of Ashenzari.
 24833 | D:14     | Noticed Nessos
 24872 | D:14     | Killed Nessos
 24872 | D:14     | Reached skill level 16 in Dodging
 25296 | D:14     | Reached XP level 16. HP: 133/133 MP: 16/16
 26061 | D:15     | Entered Level 15 of the Dungeon
 26583 | D:15     | Found a staircase to the Depths.
 26622 | D:15     | Paralysed by an orc sorcerer for 4 turns
 26934 | D:15     | Reached skill level 17 in Dodging
 27051 | D:15     | Found a glowing golden altar of the Shining One.
 27228 | Orc:1    | Entered Level 1 of the Orcish Mines
 27245 | Orc:1    | Reached skill level 15 in Fighting
 27823 | Orc:2    | Entered Level 2 of the Orcish Mines
 27972 | Orc:2    | Found Duqaxeck's Book Boutique.
 28207 | Orc:2    | Found a roughly hewn altar of Beogh.
 28267 | Orc:2    | Found Ujet's General Store.
 28305 | Orc:2    | Found Rusch's Antique Weapon Shoppe.
 28358 | Orc:2    | Found Zunad's Antique Armour Shop.
 28395 | Orc:2    | Found a staircase to the Elven Halls.
 28401 | Orc:2    | Bought a runed buckler for 247 gold pieces
 28743 | Orc:2    | Reached XP level 17. HP: 142/142 MP: 17/17
 28952 | D:11     | Bought the cursed +0 helmet "Anot Jyxi" {rF+ MR+ Slay+3}
                  | for 505 gold pieces
 28965 | D:11     | Identified 2 scrolls of acquirement
 29097 | D:9      | Bought an uncursed ring of see invisible for 180 gold
                  | pieces
 29225 | Spider:2 | Reached skill level 1 in Stealth
 30694 | Spider:3 | Reached skill level 5 in Stealth
 31770 | Spider:4 | Entered Level 4 of the Spider Nest
 32720 | Spider:4 | Noticed Arachne
 32721 | Spider:4 | Reached XP level 18. HP: 149/149 MP: 18/18
 32754 | Spider:4 | Killed Arachne
 33595 | Spider:4 | Got a gossamer rune of Zot
 33841 | Lair:2   | Bought a pair of glowing boots for 270 gold pieces
 33841 | Lair:2   | Bought a twisted buckler for 342 gold pieces
 33841 | Lair:2   | Identified the cursed +0 buckler of the Endless Expanse
                  | {rPois MR+} (You bought it in a shop on level 2 of the Lair
                  | of Beasts)
 33856 | Lair:2   | Bought a runed buckler for 270 gold pieces
 33856 | Lair:2   | Bought a glowing cloak for 270 gold pieces
 33891 | Lair:2   | Bought a scroll of teleportation for 42 gold pieces
 33893 | Lair:2   | Bought a scroll of teleportation for 48 gold pieces
 33954 | Shoals:1 | Entered Level 1 of the Shoals
 33994 | Shoals:1 | Found Ruunetoc's Distillery.
 34316 | Shoals:1 | Found Beezec's Book Emporium.
 34733 | Shoals:1 | Found Dinokaum's General Store.
 34829 | Shoals:2 | Noticed Ilsuiw
 34833 | Shoals:2 | Reached skill level 10 in Stealth
 34851 | Shoals:2 | Killed Ilsuiw
 34854 | Shoals:2 | Reached skill level 15 in Armour
 36198 | Shoals:3 | Reached XP level 19. HP: 128/155 MP: 19/19
 37104 | Shoals:4 | Entered Level 4 of the Shoals
 37227 | Shoals:4 | Reached skill level 5 in Shields
 37663 | Shoals:4 | Found a runed gate.
 37663 | Shoals:4 | Found a runed gate.
 37669 | Shoals:4 | Noticed patcoet's ghost (adept HOFi)
 38132 | Shoals:3 | Reached skill level 18 in Dodging
 38436 | Shoals:4 | Found a runed gate.
 38493 | Shoals:4 | Got a barnacled rune of Zot
 38764 | Shoals:4 | Identified the Guide on Evil Secrets and Curses
 39367 | Shoals:4 | Killed patcoet's ghost
 39473 | Shoals:4 | Identified Fybb's Compendium of Displaced Flight
 39772 | Depths:1 | Entered Level 1 of the Depths
 39942 | Depths:1 | Noticed Nikola
 39954 | Depths:1 | Killed Nikola
 40398 | Depths:1 | Reached XP level 20. HP: 144/164 MP: 20/20
 40526 | Depths:1 | Found a gateway to Hell.
 40763 | Depths:1 | Found a one-way gate to the infinite horrors of the Abyss.
 40822 | Depths:1 | Found Leusex's Gadget Boutique.
 40908 | Depths:1 | Found Etag's Jewellery Shoppe.
 40908 | Depths:1 | Found Raonalem's Gadget Boutique.
 41124 | Depths:2 | Found a flickering gateway to a bazaar.
 41137 | Bazaar   | Entered a bazaar
 41137 | Bazaar   | Found Beugietz's Jewellery Shoppe.
 41137 | Bazaar   | Found Kamar's Antique Armour Boutique.
 41137 | Bazaar   | Found Plog's Distillery.
 41137 | Bazaar   | Found Sysof's Book Shop.
 41139 | Bazaar   | Found Aplikid's Antique Weapon Emporium.
 41141 | Bazaar   | Bought the amulet of Olits {Reflect rPois rC+++ Int+2 Dex-3
                  | SH+3} for 598 gold pieces
 41182 | Bazaar   | Bought a potion of might for 52 gold pieces
 41182 | Bazaar   | Bought a potion of might for 52 gold pieces
 41182 | Bazaar   | Bought a potion of heal wounds for 65 gold pieces
 41182 | Bazaar   | Bought a potion of heal wounds for 65 gold pieces
 41182 | Bazaar   | Bought a potion of haste for 130 gold pieces
 42153 | Depths:2 | Found a gateway to a ziggurat.
 42751 | Depths:2 | Noticed a juggernaut
 42937 | Depths:2 | Killed a juggernaut
 42937 | Depths:2 | Reached skill level 19 in Dodging
 43334 | Depths:2 | Found a runed gate.
 43334 | Depths:2 | Found a runed gate.
 43334 | Depths:2 | Found a runed gate.
 43340 | Depths:2 | Noticed a caustic shrike
 43530 | Depths:2 | Noticed a juggernaut
 44090 | Depths:2 | Mangled by a juggernaut (illusionary)

Skill      XL: |  1  2  3  4  5  6  7  8  9 10 11 12 13 14 15 16 17 18 19 20 |
---------------+-------------------------------------------------------------+-----
Dodging        | 1 2 3 4 5 6 8 9 11 12 13 14 16 17 18 19 | 19.1
Long Blades    | 3 4 5 6 8 10 12 13 15 16 | 16.7
Fighting       | 4 5 6 7 9 10 11 12 13 14 15 16 | 16.7
Armour         | 3 4 5 6 7 8 9 11 12 14 15 16 17 | 17.0
Shields        | 4 6 8 |  8.3
Stealth        | 8 11 | 11.2

Action                   |  1- 3 |  4- 6 |  7- 9 | 10-12 | 13-15 | 16-18 | 19-21 || total
-------------------------+-------+-------+-------+-------+-------+-------+-------++-------
Melee: Long sword        |   103 |   152 |   438 |   218 |       |       |       ||   911
       Tailslap          |       |       |       |     8 |    14 |    48 |    47 ||   117
       Scimitar          |       |       |       |   315 |   649 |     5 |       ||   969
       Unarmed           |       |       |       |       |     5 |       |       ||     5
       Double sword      |       |       |       |       |   506 |  1467 |   840 ||  2813
Invok: Call Merchant     |       |       |       |       |     3 |     3 |       ||     6
Evoke: Wand              |       |       |       |     3 |     7 |     1 |     3 ||    14
  Use: Potion            |       |     1 |     1 |     2 |     2 |     5 |     5 ||    16
       Scroll            |       |     3 |    17 |     7 |    11 |    11 |     4 ||    53
 Stab: Distracted        |       |       |     2 |     5 |    15 |     9 |     5 ||    36
  Eat: Chunk             |     2 |     4 |       |       |       |       |       ||     6
       Ration            |       |     1 |     6 |     6 |     9 |    11 |     8 ||    41
Armor: Scale mail        |    61 |    69 |   106 |   126 |   140 |       |       ||   502
       Ring mail         |       |       |    49 |       |       |       |       ||    49
       Plate armour      |       |       |       |       |   105 |   667 |   351 ||  1123
Dodge: Dodged            |    56 |    90 |   280 |   299 |   658 |  1122 |   546 ||  3051
       Deflected         |       |       |       |     4 |    14 |    13 |    33 ||    64
Block: Buckler           |       |       |    94 |   134 |   275 |   505 |   373 ||  1381
       Reflection        |       |       |       |       |       |       |     8 ||     8
       Rpst.: Long sword |    18 |    29 |    81 |    40 |       |       |       ||   168
       Scimitar          |       |       |       |    58 |    91 |     1 |       ||   150
       Double sword      |       |       |       |       |    73 |   211 |   110 ||   394
